TOP OF THE 1ST |
Pocatello Boccabellas batting - Pitching for Kalamazoo Royale with Cheese : LHP Lorenzo Sánchez
|
Pitching: LHP Lorenzo Sánchez
|
|
Batting: RHB Tomás Carranza
|
0-0: Ball 1-0: DOUBLE (Line Drive, 7LD)
|
Batting: RHB Manny Copriviza
|
0-0: Ball 1-0: Ball 2-0: DOUBLE (Line Drive, 7LM) Tomás Carranza scores
|
Batting: RHB Marlon Phipps
|
0-0: Ball 1-0: Called Strike 1-1: SINGLE (Line Drive, 6D) Manny Copriviza to third
|
Batting: LHB Juan Cortés
|
0-0: Called Strike 0-1: Ball 1-1: Foul Ball, location: 2F 1-2: DOUBLE (Line Drive, 9LM) Manny Copriviza scores Marlon Phipps to third
|
Batting: RHB Ernesto Acosta
|
0-0: Ball 1-0: Ball 2-0: Called Strike 2-1: Fly out, F7 (Flyball, 7LDF) Runner from 3rd tags up, SCORES, no throw
|
Batting: RHB Francisco Sandoval
|
0-0: Ball 1-0: Foul Ball, location: 2F 1-1: Foul Ball, location: 2F 1-2: Foul Ball, location: 2F 1-2: Ball 2-2: Ground out 5-3 (Groundball, 56)
|
Batting: SHB Guillermo Ortíz
|
0-0: Ball 1-0: Fly out, F2 (Popup, 15S)
|
Top of the 1st over - 3 run(s), 4 hit(s), 0 error(s), 1 left on base; Pocatello 3 - Kalamazoo 0 |
BOTTOM OF THE 1ST |
Kalamazoo Royale with Cheese batting - Pitching for Pocatello Boccabellas : RHP Martín Ramírez
|
Pitching: RHP Martín Ramírez
|
|
Batting: RHB Andy Aiton
|
0-0: Single, Error in OF, E7, batter to second base
|
Batting: LHB Robinson Fernández
|
0-0: Ball 1-0: Foul Ball, location: 2F 1-1: Fly out, F7 (Line Drive, 7D) Runner from 2nd tags up, SAFE at 3rd, no throw
|
Batting: LHB Bill McJannett
|
0-0: Ground out U3 (Groundball, 34) Andy Aiton scores
|
Batting: LHB William Ruffo
|
0-0: Fly out, F6 (Popup, 6MD)
|
Bottom of the 1st over - 1 run(s), 1 hit(s), 1 error(s), 0 left on base; Pocatello 3 - Kalamazoo 1 |
TOP OF THE 2ND |
Pocatello Boccabellas batting - Pitching for Kalamazoo Royale with Cheese : LHP Lorenzo Sánchez
|
Batting: RHB José Delgado
|
0-0: Ball 1-0: Ball 2-0: Called Strike 2-1: Foul Ball, location: 2F 2-2: Foul Ball, location: 2F 2-2: Ball 3-2: Hit by Pitch
|
Batting: RHB Chris Parker
|
0-0: Called Strike 0-1: Ball 1-1: Ball 2-1: Swinging Strike 2-2: Fly out, F9 (Flyball, 9S)
|
Batting: RHB Tomás Carranza
|
0-0: Ball 1-0: Ball 2-0: Called Strike 2-1: Grounds into double play, 6-4-3 (Groundball, 6MD)
|
Top of the 2nd over - 0 run(s), 0 hit(s), 0 error(s), 0 left on base; Pocatello 3 - Kalamazoo 1 |
BOTTOM OF THE 2ND |
Kalamazoo Royale with Cheese batting - Pitching for Pocatello Boccabellas : RHP Martín Ramírez
|
Batting: LHB Roberto Sandoval
|
0-0: Foul Ball, location: 2F 0-1: Called Strike 0-2: Foul Ball, location: 2F 0-2: Ball 1-2: SINGLE (Line Drive, 4MD)
|
Batting: LHB Al Mills
|
0-0: Fly out, F8 (Flyball, 8LS)
|
Batting: RHB Run-ming Zhu
|
0-0: Ball 1-0: Ball 2-0: Called Strike 2-1: Foul Ball, location: 2F 2-2: Ball 3-2: Ground out 5-3 (Groundball, 56S) Roberto Sandoval to second
|
Batting: LHB António Glaviz
|
0-0: Ball 1-0: Swinging Strike 1-1: Called Strike 1-2: Ground out U3 (Groundball, 3)
|
Bottom of the 2nd over - 0 run(s), 1 hit(s), 0 error(s), 1 left on base; Pocatello 3 - Kalamazoo 1 |
TOP OF THE 3RD |
Pocatello Boccabellas batting - Pitching for Kalamazoo Royale with Cheese : LHP Lorenzo Sánchez
|
Batting: RHB Manny Copriviza
|
0-0: Ball 1-0: Called Strike 1-1: Ground out 6-3 (Groundball, 6)
|
Batting: RHB Marlon Phipps
|
0-0: Called Strike 0-1: Swinging Strike 0-2: Ball 1-2: Strikes out swinging
|
Batting: LHB Juan Cortés
|
0-0: SINGLE (Groundball, 6MD)
|
Batting: RHB Ernesto Acosta
|
0-0: Ball 1-0: Called Strike 1-1: Called Strike Juan Cortés is caught stealing 2nd base
|
Top of the 3rd over - 0 run(s), 1 hit(s), 0 error(s), 0 left on base; Pocatello 3 - Kalamazoo 1 |
BOTTOM OF THE 3RD |
Kalamazoo Royale with Cheese batting - Pitching for Pocatello Boccabellas : RHP Martín Ramírez
|
Batting: SHB Bob Noble
|
0-0: Called Strike 0-1: Swinging Strike 0-2: Ball 1-2: Ball 2-2: Fly out, F8 (Flyball, 89XD)
|
Batting: RHB Andy Aiton
|
0-0: Ball 1-0: Ground out 6-3 (Groundball, 6)
|
Batting: LHB Robinson Fernández
|
0-0: Swinging Strike 0-1: Ball 1-1: Ball 2-1: Ball 3-1: Base on Balls
|
Batting: LHB Bill McJannett
|
0-0: Ball 1-0: Called Strike 1-1: Foul Ball, location: 2F 1-2: Ball 2-2: Ball 3-2: Foul Ball, location: 2F 3-2: Foul Ball, location: 2F 3-2: Foul Ball, location: 2F 3-2: Fly out, F7 (Flyball, 78D)
|
Bottom of the 3rd over - 0 run(s), 0 hit(s), 0 error(s), 1 left on base; Pocatello 3 - Kalamazoo 1 |
TOP OF THE 4TH |
Pocatello Boccabellas batting - Pitching for Kalamazoo Royale with Cheese : LHP Lorenzo Sánchez
|
Batting: RHB Ernesto Acosta
|
0-0: Ball 1-0: Ball 2-0: Called Strike 2-1: Fly out, F9 (Flyball, 9LS)
|
Batting: RHB Francisco Sandoval
|
0-0: Ball 1-0: Swinging Strike 1-1: Ball 2-1: Ball 3-1: Ground out 5-3 (Groundball, 5)
|
Batting: SHB Guillermo Ortíz
|
0-0: Called Strike 0-1: Ball 1-1: SINGLE (Line Drive, 56D)
|
Batting: RHB José Delgado
|
0-0: Ball 1-0: Called Strike 1-1: Ball 2-1: Ball 3-1: Fielders Choice at 2nd, U4 (Groundball, 4M)
|
Top of the 4th over - 0 run(s), 1 hit(s), 0 error(s), 1 left on base; Pocatello 3 - Kalamazoo 1 |
BOTTOM OF THE 4TH |
Kalamazoo Royale with Cheese batting - Pitching for Pocatello Boccabellas : RHP Martín Ramírez
|
Batting: LHB William Ruffo
|
0-0: Ball 1-0: Ball 2-0: Foul Ball, location: 2F 2-1: Called Strike 2-2: DOUBLE (Line Drive, 78XD)
|
Batting: LHB Roberto Sandoval
|
0-0: Foul Ball, location: 2F 0-1: Foul Ball, location: 2F 0-2: Ball 1-2: Foul Ball, location: 2F 1-2: DOUBLE (Line Drive, 89D) William Ruffo scores
|
Batting: LHB Al Mills
|
0-0: Ball 1-0: Called Strike 1-1: Foul Ball, location: 2F 1-2: Strikes out swinging
|
Batting: RHB Run-ming Zhu
|
0-0: Foul Ball, location: 2F 0-1: Fly out, F8 (Flyball, 8RM)
|
Batting: LHB António Glaviz
|
0-0: Fly out, F6 (Popup, 56D)
|
Bottom of the 4th over - 1 run(s), 2 hit(s), 0 error(s), 1 left on base; Pocatello 3 - Kalamazoo 2 |
TOP OF THE 5TH |
Pocatello Boccabellas batting - Pitching for Kalamazoo Royale with Cheese : LHP Lorenzo Sánchez
|
Batting: RHB Chris Parker
|
0-0: Foul Ball, location: 2F 0-1: Ball 1-1: Ground out 4-3 (Groundball, 4M)
|
Batting: RHB Tomás Carranza
|
0-0: Fly out, F8 (Flyball, 8LM)
|
Batting: RHB Manny Copriviza
|
0-0: Ball 1-0: Swinging Strike 1-1: Swinging Strike 1-2: Ball 2-2: Fly out, F4 (Popup, 34D)
|
Top of the 5th over - 0 run(s), 0 hit(s), 0 error(s), 0 left on base; Pocatello 3 - Kalamazoo 2 |
BOTTOM OF THE 5TH |
Kalamazoo Royale with Cheese batting - Pitching for Pocatello Boccabellas : RHP Martín Ramírez
|
Batting: SHB Bob Noble
|
0-0: Called Strike 0-1: Ball 1-1: SINGLE (Groundball, 4D)
|
Batting: RHB Andy Aiton
|
0-0: Ball 1-0: SINGLE (Groundball, 4D) Bob Noble to second Runner from 2nd tries for 3rd, SAFE, throw made to third
|
Batting: LHB Robinson Fernández
|
0-0: Ball 1-0: Called Strike 1-1: Ball 2-1: Called Strike 2-2: Grounds into double play, 6-4-3 (Groundball, 6) Bob Noble scores
|
Batting: LHB Bill McJannett
|
0-0: Ball 1-0: Swinging Strike 1-1: Ground out 4-3 (Groundball, 34D)
|
Bottom of the 5th over - 1 run(s), 2 hit(s), 0 error(s), 0 left on base; Pocatello 3 - Kalamazoo 3 |
TOP OF THE 6TH |
Pocatello Boccabellas batting - Pitching for Kalamazoo Royale with Cheese : LHP Lorenzo Sánchez
|
Batting: RHB Marlon Phipps
|
0-0: Ground out 1-3 (Groundball, 15S)
|
Batting: LHB Juan Cortés
|
0-0: Called Strike 0-1: Ball 1-1: Ball 2-1: Foul Ball, location: 2F 2-2: Foul Ball, location: 2F 2-2: Strikes out swinging, 2-3 out at first.
|
Batting: RHB Ernesto Acosta
|
0-0: Fly out, F8 (Flyball, 8LS)
|
Top of the 6th over - 0 run(s), 0 hit(s), 0 error(s), 0 left on base; Pocatello 3 - Kalamazoo 3 |
BOTTOM OF THE 6TH |
Kalamazoo Royale with Cheese batting - Pitching for Pocatello Boccabellas : RHP Martín Ramírez
|
Batting: LHB William Ruffo
|
0-0: Ball 1-0: Swinging Strike 1-1: Ball 2-1: Foul Ball, location: 2F 2-2: Strikes out looking
|
Batting: LHB Roberto Sandoval
|
0-0: Called Strike 0-1: SINGLE (Line Drive, 89S)
|
Batting: LHB Al Mills
|
0-0: Ball 1-0: Called Strike 1-1: Called Strike 1-2: Ball 2-2: Ball Roberto Sandoval steals 2nd base 3-2: Foul Ball, location: 2F 3-2: Strikes out swinging
|
Batting: RHB Run-ming Zhu
|
0-0: Ball 1-0: Swinging Strike 1-1: Called Strike 1-2: Ball 2-2: Ball 3-2: Foul Ball, location: 2F 3-2: DOUBLE (Line Drive, 78XD) Roberto Sandoval scores
|
Batting: LHB António Glaviz
|
0-0: Ball 1-0: Ball 2-0: Ground out 4-3 (Groundball, 4)
|
Bottom of the 6th over - 1 run(s), 2 hit(s), 0 error(s), 1 left on base; Pocatello 3 - Kalamazoo 4 |
TOP OF THE 7TH |
Pocatello Boccabellas batting - Pitching for Kalamazoo Royale with Cheese : LHP Lorenzo Sánchez
|
Batting: RHB Francisco Sandoval
|
0-0: Ball 1-0: Swinging Strike 1-1: Ball 2-1: Swinging Strike 2-2: Foul Ball, location: 2F 2-2: Strikes out swinging
|
Pitching: RHP José Ruíz
|
|
Batting: SHB Guillermo Ortíz
|
0-0: Ball 1-0: Ball 2-0: Ball 3-0: Called Strike 3-1: SINGLE (Groundball, 6MD)
|
Batting: RHB José Delgado
|
0-0: Foul Ball, location: 2F 0-1: Foul Ball, location: 2F 0-2: Ball Wild Pitch! Guillermo Ortíz to second 1-2: Hit by Pitch
|
Pinch Hitting: RHB Jeremy Carr
|
0-0: Ball 1-0: 3-RUN HOME RUN (Flyball, 78XD), Distance : 437 ft
|
Batting: RHB Tomás Carranza
|
0-0: Ball 1-0: Ground out 4-3 (Groundball, 4M)
|
Batting: RHB Manny Copriviza
|
0-0: Ground out 4-3 (Groundball, 4)
|
Top of the 7th over - 3 run(s), 2 hit(s), 0 error(s), 0 left on base; Pocatello 6 - Kalamazoo 4 |
BOTTOM OF THE 7TH |
Kalamazoo Royale with Cheese batting - Pitching for Pocatello Boccabellas : RHP Martín Ramírez
|
Pitching: RHP Bud Baldwin
|
|
Now at SS: Rob Schmidt
|
|
Batting: SHB Bob Noble
|
0-0: Ground out 4-3 (Groundball, 4MS)
|
Batting: RHB Andy Aiton
|
0-0: Ball 1-0: Swinging Strike 1-1: Called Strike 1-2: Strikes out swinging
|
Batting: LHB Robinson Fernández
|
0-0: Called Strike 0-1: Ball 1-1: Called Strike 1-2: Ball 2-2: Foul Ball, location: 2F 2-2: Fly out, F4 (Line Drive, 4)
|
Bottom of the 7th over - 0 run(s), 0 hit(s), 0 error(s), 0 left on base; Pocatello 6 - Kalamazoo 4 |
TOP OF THE 8TH |
Pocatello Boccabellas batting - Pitching for Kalamazoo Royale with Cheese : RHP José Ruíz
|
Pitching: RHP Roberto Ledesma
|
|
Batting: RHB Marlon Phipps
|
0-0: Ball 1-0: Foul Ball, location: 2F 1-1: Ball 2-1: Foul Ball, location: 2F 2-2: Foul Ball, location: 2F 2-2: Strikes out swinging
|
Batting: LHB Juan Cortés
|
0-0: Ball 1-0: Called Strike 1-1: Ball 2-1: Called Strike 2-2: Ground out 3-1 (Groundball, 34S)
|
Batting: RHB Ernesto Acosta
|
0-0: Ball 1-0: Fly out, F9 (Flyball, 9)
|
Top of the 8th over - 0 run(s), 0 hit(s), 0 error(s), 0 left on base; Pocatello 6 - Kalamazoo 4 |
BOTTOM OF THE 8TH |
Kalamazoo Royale with Cheese batting - Pitching for Pocatello Boccabellas : RHP Bud Baldwin
|
Batting: LHB Bill McJannett
|
0-0: Ball 1-0: Called Strike 1-1: Swinging Strike 1-2: Foul Ball, location: 2F 1-2: Ball 2-2: Strikes out looking
|
Batting: LHB William Ruffo
|
0-0: Ball 1-0: Ball 2-0: Ball 3-0: Called Strike 3-1: Foul Ball, location: 2F 3-2: Ground out 4-3 (Groundball, 34D)
|
Batting: LHB Roberto Sandoval
|
0-0: Foul Ball, location: 2F 0-1: Ball 1-1: Called Strike 1-2: DOUBLE (Line Drive, 9LM)
|
Pitching: RHP Jaime Espinoza
|
|
Batting: LHB Al Mills
|
0-0: Swinging Strike 0-1: Ball 1-1: Swinging Strike 1-2: Strikes out looking
|
Bottom of the 8th over - 0 run(s), 1 hit(s), 0 error(s), 1 left on base; Pocatello 6 - Kalamazoo 4 |
TOP OF THE 9TH |
Pocatello Boccabellas batting - Pitching for Kalamazoo Royale with Cheese : RHP Roberto Ledesma
|
Batting: RHB Francisco Sandoval
|
0-0: Swinging Strike 0-1: Foul Ball, location: 2F 0-2: Ball 1-2: Ground out 3-1 (Groundball, 34S)
|
Batting: SHB Guillermo Ortíz
|
0-0: Ball 1-0: Called Strike 1-1: Swinging Strike 1-2: Ball 2-2: Ground out 3-1 (Groundball, 34S)
|
Batting: RHB José Delgado
|
0-0: Ball 1-0: Fly out, F6 (Popup, 56D)
|
Top of the 9th over - 0 run(s), 0 hit(s), 0 error(s), 0 left on base; Pocatello 6 - Kalamazoo 4 |
BOTTOM OF THE 9TH |
Kalamazoo Royale with Cheese batting - Pitching for Pocatello Boccabellas : RHP Jaime Espinoza
|
Pitching: RHP Adrián Martínez
|
|
Batting: RHB Run-ming Zhu
|
0-0: Ball 1-0: Foul Ball, location: 2F 1-1: Foul Ball, location: 2F 1-2: Foul Ball, location: 2F 1-2: Ball 2-2: SINGLE (Groundball, 6S) (infield hit)
|
Batting: LHB António Glaviz
|
0-0: Called Strike 0-1: Foul Ball, location: 2F 0-2: Ball 1-2: Ball 2-2: Reached on error, E6 (Groundball, 6) Run-ming Zhu to second
|
Batting: SHB Bob Noble
|
0-0: Swinging Strike 0-1: Ground out 4-3 (Groundball, 4S) Run-ming Zhu to third António Glaviz to second
|
Batting: RHB Andy Aiton
|
0-0: Foul Ball, location: 2F 0-1: Ball 1-1: Swinging Strike 1-2: Strikes out swinging
|
Batting: LHB Robinson Fernández
|
0-0: Foul Ball, location: 2F 0-1: TRIPLE (Groundball, 5L) Run-ming Zhu scores António Glaviz scores
|
Pitching: RHP Mike Pierce
|
|
Batting: LHB Bill McJannett
|
0-0: Ball 1-0: Called Strike 1-1: Ball Passed Ball! Robinson Fernández scores
|
Thursday, March 30th, 2017 - OOTP Baseball 17.12 Build 75
|
|